 Dungeon Sprint DCSS version 0.19-a0-1922-g1e9a4c1 (webtiles) character file.

11190 yalue the Thaumaturge (level 11, 0/64 HPs)
             Began as a Deep Elf Fire Elementalist on Oct 24, 2016.
             Was the Champion of Vehumet.
             Killed by the raging water
             ... invoked by a water nymph
              (27 damage)
             ... in the Dungeon (Sprint V: "Ziggurat Sprint").
             The game lasted 00:10:00 (1306 turns).

yalue the Thaumaturge (Deep Elf Fire Elementalist)  Turns: 1306, Time: 00:10:00

Health: 0/64       AC:  5    Str:  6    XL:     11   Next: 46%
Magic:  16/31      EV: 18    Int: 35    God:    Vehumet [******]
Gold:   0          SH: 13    Dex: 15    Spells: 5 memorised, 26 levels left

rFire  + + +     SeeInvis .     K - +8 lance "Wyrmbane" {slay drac, rPois rF+ rC+ AC+3}
rCold  + + .     Gourm    .     y - +0 robe {rF+}
rNeg   . . .     Faith    .     a - +2 shield of Resistance {rF+ rC+ MR+}
rPois  +         Spirit   .     (no helmet)
rElec  .         Reflect  .     (no cloak)
rCorr  .         Harm     .     (no gloves)
MR     ++...     Rnd*Rage +     (no boots)
Stlth  +++....... NoTele   +    (no amulet)
                                G - +6 ring of intelligence
                                H - +6 ring of intelligence

@: no status effects
A: berserk 1, MP-powered wands
a: Renounce Religion


You were in the Dungeon.
You worshipped Vehumet.
Vehumet was exalted by your worship.
You were very full.

You visited 1 branch

Inventory:

Hand Weapons
 K - the +8 lance "Wyrmbane" (weapon) {slay drac, rPois rF+ rC+ AC+3}
   (You found it in the Dungeon)

   It affects your AC (+3).
   It protects you from fire.
   It protects you from cold.
   It protects you from poison.
Armour
 a - the +2 shield of Resistance (worn) {rF+ rC+ MR+}
   (You found it in the Dungeon)

   It protects you from fire.
   It protects you from cold.
   It affects your resistance to hostile enchantments.
 y - a +0 robe of fire resistance (worn)
Magical Staves
 D - an uncursed staff of energy
Jewellery
 G - a +6 ring of intelligence (right hand)
 H - a +6 ring of intelligence (left hand)
 I - a +6 ring of strength
 J - a +6 ring of strength
Wands
 A - a wand of iceblast (5/15)
 B - a wand of lightning (5/15)
 C - a wand of acid (5/15)
Scrolls
 i - 3 scrolls of blinking
 j - a scroll of brand weapon
 q - 4 scrolls of amnesia
 r - 3 scrolls of recharging
 t - a scroll of holy word
 u - 5 scrolls of identify
 v - 5 scrolls of remove curse
 w - 2 scrolls of fear
Potions
 d - 10 potions of curing
 e - 10 potions of heal wounds
 f - 6 potions of haste
 g - 5 potions of magic
 h - a potion of berserk rage
 k - 2 potions of brilliance
 l - a potion of invisibility
 m - 4 potions of resistance
 o - 3 potions of agility
 p - 4 potions of might
Comestibles
 b - 4 chunks of flesh
 c - 5 bread rations
 x - 32 fruits
 z - 4 meat rations


   Skills:
 + Level 6.1 Fighting
 - Level 3.7 Polearms
 + Level 10.0 Dodging
 + Level 11.7 Stealth
 * Level 10.4 Shields
 + Level 14.4 Spellcasting
 * Level 13.6 Conjurations
 + Level 14.2 Fire Magic
 * Level 3.4 Ice Magic


You had 26 spell levels left.
You knew the following spells:

 Your Spells              Type           Power        Failure   Level  Hunger
a - Flame Tongue          Conj/Fire      #####        0%          1    None
b - Fireball              Conj/Fire      #######...   1%          5    None
c - Freeze                Ice            ####         1%          1    None
d - Apportation           Tloc           ####......   2%          1    None
e - Throw Icicle          Conj/Ice       ######..     1%          4    None


Dungeon Overview and Level Annotations

Branches:
Dungeon (1/1)

Altars:
Ashenzari
Cheibriados
Dithmenos
Elyvilon
Fedhas
Gozag
Hepliaklqana
Kikubaaqudgha
Makhleb
Nemelex Xobeh
Okawaru
Qazlal
Ru
Sif Muna
Trog
Uskayaw
Vehumet
Xom
Yredelemnul
Zin
The Shining One
Beogh
Jiyva
Lugonu


Innate Abilities, Weirdness & Mutations

You tend to lose your temper in combat.
You expend magic power (3 MP) to strengthen your wands.


Message History

You feel your power returning.
Your Ice Magic skill increases to level 3!
You block the water nymph's attack.
Splash!
You fall into the shallow water.
Moving in this stuff is going to be slow.
Unknown command.
Casting: Fireball
Confirm with . or Enter, or press ? or * to list all spells.
Aiming: Fireball
Press: ? - help, Shift-Dir - straight line The fireball explodes!
The fireball engulfs the alligator snapping turtle.
The alligator snapping turtle is heavily wounded.
The alligator snapping turtle bites you from afar!
The merfolk throws a throwing net.
You block the throwing net.
You hear a splash.
The water nymph gestures at you while chanting.
The water swirls and strikes you!
You die...

▓....[.|..▓
▓.≈=||))..▓...)})...▓
▓≈.≈≈≈..≈≈▓.))).?...▓
▓≈.§†C§.≈.▓....)....▓
▓.≈§≈§m...▓.........▓
▓.≈.§.§.≈.▓......)..▓
▓.≈≈§t....▓.▓.....▓.▓
▓≈▓§§.§§▓.▓....(....▓
▓≈≈§§@m≈..▓▓▓▓▓▓▓▓▓▓▓
▓▓▓▓▓▓▓▓▓▓▓


You could see an alligator snapping turtle, a merfolk, a cyclops and a water
nymph.

Vanquished Creatures
  A vault guard (D)
  A merfolk aquamancer (D)
  A thrashing horror (D)
  A sea snake (D)
  A harpy (shapeshifter) (D)
  2 shining eyes (D)
  A cyclops (D)
  A manticore (D)
  A guardian serpent (shapeshifter) (D)
  A water nymph (D)
  A spiny frog (shapeshifter) (D)
  A yaktaur (D)
  5 merfolk (D)
  2 polar bears (D)
  A hornet (D)
  A wind drake (shapeshifter) (D)
  A hippogriff (shapeshifter) (D)
  2 spriggans (D)
  2 neqoxecs (D)
  A hog (shapeshifter) (D)
  A naga (D)
  A small abomination (D)
  A hell hound (D)
  An ice beast (D)
  3 black bears (D)
  2 necrophages (D)
  A phantom (D)
  4 centaurs (D)
  A wolf (D)
  A crimson imp (D)
  A quasit (D)
  7 starcursed masses (D)
  A river rat (D)
  2 white imps (D)
  A jackal (D)
  2 ball pythons (D)
  A leopard gecko simulacrum (D)
  A leopard gecko skeleton (D)
  2 fire vortices (D)
62 creatures vanquished.

Vanquished Creatures (others)
  A fire vortex (D)
1 creature vanquished.

Grand Total: 63 creatures vanquished

Notes
Turn   | Place    | Note
-------+----------+-------------------------------------------
     0 | D        | yalue the Deep Elf Fire Elementalist began the quest for the Orb.
     0 | D        | Reached XP level 1. HP: 10/10 MP: 6/6
     0 | D        | Found a blossoming altar of Fedhas.
    11 | D        | Found a deep blue altar of Sif Muna.
    11 | D        | Found a sacrificial altar of Ru.
    11 | D        | Found a bloodstained altar of Trog.
    11 | D        | Found a stormy altar of Qazlal.
    11 | D        | Found an iron altar of Okawaru.
    11 | D        | Found a sparkling altar of Nemelex Xobeh.
    13 | D        | Found an ancient bone altar of Kikubaaqudgha.
    13 | D        | Found a viscous altar of Jiyva.
    13 | D        | Found a corrupted altar of Lugonu.
    13 | D        | Found a hazy altar of Hepliaklqana.
    13 | D        | Found a burning altar of Makhleb.
    13 | D        | Found an opulent altar of Gozag.
    56 | D        | Became a worshipper of Vehumet
    68 | D        | Reached skill level 5 in Spellcasting
    68 | D        | Reached XP level 2. HP: 18/18 MP: 6/10
   103 | D        | Entered arena 1.
   112 | D        | Entered arena 2.
   112 | D        | Noticed a naga
   121 | D        | Killed a naga
   121 | D        | Reached * piety under Vehumet
   121 | D        | Offered knowledge of Sandblast by Vehumet.
   121 | D        | Reached skill level 1 in Polearms
   121 | D        | Reached XP level 3. HP: 10/22 MP: 10/13
   121 | D        | Reached XP level 4. HP: 12/27 MP: 11/15
   132 | D        | Entered arena 3.
   132 | D        | Noticed a necrophage
   132 | D        | Noticed a phantom
   132 | D        | Noticed a necrophage
   136 | D        | Killed a necrophage
   136 | D        | Reached ** piety under Vehumet
   136 | D        | Reached skill level 5 in Stealth
   136 | D        | Reached XP level 5. HP: 15/31 MP: 17/17
   140 | D        | Killed a necrophage
   140 | D        | Reached skill level 5 in Dodging
   140 | D        | Reached XP level 6. HP: 18/36 MP: 19/19
   178 | D        | Learned a level 5 spell: Fireball
   348 | D        | Entered arena 4.
   348 | D        | Noticed a hell hound
   357 | D        | Killed a hell hound
   357 | D        | Offered knowledge of Freeze by Vehumet.
   357 | D        | Reached *** piety under Vehumet
   376 | D        | Learned a level 1 spell: Freeze
   378 | D        | Learned a level 1 spell: Apportation
   534 | D        | Entered arena 5.
   534 | D        | Noticed a polar bear
   534 | D        | Noticed an ice beast
   534 | D        | Noticed a polar bear
   535 | D        | Offered knowledge of Ignite Poison by Vehumet.
   537 | D        | Killed an ice beast
   537 | D        | Reached XP level 7. HP: 30/41 MP: 5/21
   546 | D        | Killed a polar bear
   546 | D        | Reached **** piety under Vehumet
   546 | D        | Reached skill level 5 in Shields
   546 | D        | Reached skill level 10 in Fire Magic
   551 | D        | Killed a polar bear
   551 | D        | Reached XP level 8. HP: 33/48 MP: 6/22
   701 | D        | Entered arena 6.
   701 | D        | Noticed a yaktaur
   701 | D        | Noticed an ironbrand convoker
   701 | D        | Noticed a wind drake
   701 | D        | Noticed a stone giant
   701 | D        | Noticed a vault guard
   703 | D        | Killed a yaktaur
   703 | D        | Offered knowledge of Mephitic Cloud by Vehumet.
   703 | D        | Reached skill level 10 in Stealth
   703 | D        | Reached skill level 5 in Conjurations
   705 | D        | Killed a wind drake
   706 | D        | Killed a vault guard
   706 | D        | Reached skill level 5 in Fighting
   706 | D        | Reached XP level 9. HP: 29/54 MP: 3/24
   707 | D        | Noticed a vault guard
   707 | D        | Noticed a rust devil
   707 | D        | Noticed a merfolk javelineer
   707 | D        | Noticed a yellow draconian
   707 | D        | Noticed a red draconian zealot
   707 | D        | Noticed a green draconian knight
   708 | D        | Entered arena 7.
   708 | D        | Noticed a spriggan rider
   710 | D        | Reached ***** piety under Vehumet
   715 | D        | Reached skill level 10 in Spellcasting
   835 | D        | Entered arena 8.
   835 | D        | Noticed a starcursed mass
   835 | D        | Noticed a starcursed mass
   835 | D        | Noticed a thrashing horror
   839 | D        | Killed a thrashing horror
   840 | D        | Reached ****** piety under Vehumet
   845 | D        | Reached XP level 10. HP: 52/60 MP: 21/26
   845 | D        | Killed a starcursed mass
   845 | D        | Reached skill level 10 in Conjurations
   846 | D        | Killed a starcursed mass
   847 | D        | Killed a starcursed mass
   847 | D        | Killed a starcursed mass
   956 | D        | Entered arena 9.
   956 | D        | Noticed a harpy
   956 | D        | Noticed a shining eye
   956 | D        | Noticed a guardian serpent
   956 | D        | Noticed a shining eye
   956 | D        | Noticed a black mamba
   957 | D        | Noticed a spiny frog
   957 | D        | a black mamba changed into a spiny frog
   958 | D        | Killed a shining eye
   958 | D        | Offered knowledge of Yara's Violent Unravelling by Vehumet.
   959 | D        | Killed a guardian serpent
   959 | D        | Killed a spiny frog
   959 | D        | Gained mutation: You expend magic power (3 MP) to strengthen your wands. [a neqoxec]
   961 | D        | Killed a shining eye
   961 | D        | Gained mutation: You tend to lose your temper in combat. [a neqoxec]
   968 | D        | Killed a harpy
   982 | D        | Learned a level 4 spell: Throw Icicle
  1078 | D        | Entered arena 10.
  1078 | D        | Noticed a cyclops
  1079 | D        | Reached XP level 11. HP: 64/64 MP: 24/30
  1082 | D        | Reached skill level 10 in Shields
  1300 | D        | Entered arena 11.
  1300 | D        | Noticed a sea snake
  1300 | D        | Noticed an alligator snapping turtle
  1300 | D        | Noticed a merfolk aquamancer
  1303 | D        | Offered knowledge of Freezing Cloud by Vehumet.
  1303 | D        | Reached skill level 1 in Ice Magic
  1304 | D        | Reached skill level 10 in Dodging
  1305 | D        | Killed a sea snake
  1305 | D        | Killed a merfolk aquamancer
  1306 | D        | Killed from afar by a water nymph

Vault maps used:
D:        sprint_v

Skill      XL: |  1  2  3  4  5  6  7  8  9 10 11 |
---------------+----------------------------------+-----
Fighting       | 2 3 5 6 |  6.1
Shields        | 4 5 7 8 9 10 | 10.4
Spellcasting   | 5 7 8 9 10 13 14 | 14.4
Fire Magic     | 7 8 9 10 11 13 14 | 14.2
Polearms       | 1 2 3 |  3.7
Dodging        | 4 5 6 8 9 10 | 10.0
Stealth        | 4 5 6 8 9 11 | 11.7
Conjurations   | 2 4 7 9 12 13 | 13.6
Ice Magic      | 3 |  3.4

Action                   |  1- 3 |  4- 6 |  7- 9 | 10-12 || total
-------------------------+-------+-------+-------+-------++-------
Melee: Lance             |     6 |    23 |    11 |    15 ||    55
 Cast: Fireball          |       |     1 |    20 |    24 ||    45
  Use: Potion            |     4 |     2 |     3 |       ||     9
       Scroll            |       |       |     1 |       ||     1
 Stab: Sleeping          |     1 |     3 |       |       ||     4
       Invisible         |       |     2 |       |       ||     2
  Eat: Chunk             |       |       |     2 |       ||     2
       Fruit             |       |       |       |    10 ||    10
Armor: Robe              |       |     2 |     8 |       ||    10
Dodge: Dodged            |     4 |     5 |    22 |    15 ||    46
Block: Buckler           |     1 |     3 |    11 |     2 ||    17
       Shield            |       |       |       |     9 ||     9
